 Dungeon Crawl Stone Soup version 0.20-a0-640-g62ed22f (webtiles) character file.

372596 George the Executioner (level 22, -5/213 HPs)
             Began as a Hill Orc Fighter on Feb 12, 2017.
             Was the Champion of Qazlal.
             Slain by a deep elf blademaster
             ... wielding a +0 rapier
              (15 damage)
             ... on level 3 of the Elven Halls on Feb 13, 2017.
             The game lasted 02:10:52 (49037 turns).

George the Executioner (Hill Orc Fighter)          Turns: 49037, Time: 02:10:53

Health: -5/213     AC: 39    Str: 26    XL:     22   Next: 70%
Magic:  43/46      EV: 20    Int:  8    God:    Qazlal [******]
Gold:   1714       SH:  8    Dex: 17    Spells: 21/21 levels left

rFire    + . .     SeeInvis +   b - +3 war axe (vamp)
rCold    . . .     Gourm    .   t - +9 chain mail of Feasting {rPois MR+ MP+9}
rNeg     . . .     Faith    +   (no shield)
rPois    +         Spirit   .   B - +0 helmet {SInv}
rElec    +         Reflect  .   l - +1 cloak {+Inv}
rCorr    .         Harm     .   X - +2 pair of gloves
MR       ++...                  H - +2 pair of boots
Stlth    ..........             M - amulet of the Tormentor {Faith rElec Str+4}
Regen    0.0/turn               k - +4 ring of evasion
MPRegen  0.3/turn               p - ring of protection from fire

@: protected from physical damage, non-regenerating, mildly diseased, repel
missiles
A: blurry vision 1
}: 2/15 runes: serpentine, barnacled
a: Upheaval, Elemental Force, Disaster Area, Renounce Religion, Evoke
Invisibility


You were on level 3 of the Elven Halls.
You worshipped Qazlal.
Qazlal was exalted by your worship.
You were hungry.

You visited 8 branches of the dungeon, and saw 39 of its levels.
You visited the Abyss 1 time.
You also visited: Sewer and Ice Cave.

You collected 3736 gold pieces.
You spent 2022 gold pieces at shops.

Inventory:

Hand Weapons
 b - a +3 vampiric war axe (weapon)
 V - a +3 executioner's axe of draining
Missiles
 y - 10 throwing nets (quivered)
Armour
 l - a +1 cloak of invisibility (worn)
 t - the +9 chain mail of Feasting (worn) {rPois MR+ MP+9}
   (You found it on level 2 of the Snake Pit)

   It protects you from poison.
   It affects your resistance to hostile enchantments.
   It affects your magic capacity (+9).
 B - a +0 helmet of see invisible (worn)
 H - a +2 pair of boots (worn)
 X - a +2 pair of gloves (worn)
Jewellery
 k - a +4 ring of evasion (right hand)
 p - a ring of protection from fire (left hand)
 x - an uncursed ring of protection from cold
 E - an uncursed ring of flight
 M - the amulet of the Tormentor (around neck) {Faith rElec Str+4}
   (You found it on level 10 of the Dungeon)

   [amulet of faith]

   It allows you to gain divine favour quickly.
   It affects your strength (+4).
   It insulates you from electricity.
 N - an uncursed amulet of the gourmand {unknown}
Wands
 o - a wand of clouds (6/9)
 u - a wand of lightning (5/15)
 R - a wand of lightning (2/15)
 S - a wand of iceblast (6/15)
 U - a wand of disintegration (19/24)
 W - a wand of acid (4/15)
 Y - a wand of iceblast (11/15)
 Z - a wand of scattershot (3/9)
Scrolls
 g - 8 scrolls of blinking
 i - 14 scrolls of teleportation
 j - 15 scrolls of remove curse
 m - 7 scrolls of enchant weapon
 n - 3 scrolls of summoning
 r - 2 scrolls of silence
 v - 5 scrolls of magic mapping
 F - 2 scrolls of brand weapon
 G - 5 scrolls of fog
 K - 4 scrolls of fear
 L - 8 scrolls of immolation
 Q - 8 scrolls of recharging
 T - 4 scrolls of enchant armour
Potions
 d - 7 potions of might
 e - 21 potions of curing
 h - 6 potions of haste
 A - 3 potions of cancellation
 C - 2 potions of resistance
 D - 7 potions of heal wounds
 J - 5 potions of agility
 P - 5 potions of magic
Miscellaneous
 a - a fan of gales
 z - a phantom mirror
 I - a box of beasts
 O - a lightning rod (4/4)
Comestibles
 f - 15 bread rations
 q - 28 meat rations
 s - 15 fruits
 w - 13 royal jellies


   Skills:
 + Level 21.4 Fighting
 + Level 23.7 Axes
 + Level 19.6 Armour
 + Level 10.5 Dodging
   Level 3.2 Shields
 + Level 22.8 Invocations


You had 21 spell levels left.
You didn't know any spells.

Dungeon Overview and Level Annotations

Branches:
Dungeon (15/15)            Temple (1/1) D:7            Lair (6/6) D:8
 Shoals (4/4) Lair:4        Snake (4/4) Lair:3        Slime (0/5) Lair:5
    Orc (2/2) D:10            Elf (3/3) Orc:2        Vaults (4/5) D:13
  Crypt (0/3) Vaults:3     Depths (0/5) D:15

Altars:
Ashenzari
Cheibriados
Dithmenos
Elyvilon
Fedhas
Gozag
Hepliaklqana
Kikubaaqudgha
Makhleb
Nemelex Xobeh
Okawaru
Qazlal
Ru
Sif Muna
Trog
Uskayaw
Vehumet
Xom
Yredelemnul
Zin
The Shining One
Beogh
Jiyva

Shops:
D:4 !   D:5 !   D:6 ?   D:7 *   Orc:2 [(*=   Elf:1 *   Elf:3 }=}   Snake:3 !
Vaults:3 [


Innate Abilities, Weirdness & Mutations

Scrolls take you a little longer to read.


Message History

The deep elf blademaster is severely wounded.
You closely miss the deep elf blademaster.
The deep elf blademaster is severely wounded.
The deep elf blademaster closely misses you.
The deep elf blademaster completely misses you.
You hit the deep elf blademaster but do no damage.
The deep elf blademaster is severely wounded.
You block the deep elf blademaster's attack.
The deep elf blademaster hits you with a rapier!
* * * LOW HITPOINT WARNING * * *
The deep elf high priest invokes the aid of its god against you.
Something smites you!
* * * LOW HITPOINT WARNING * * *
You miss the deep elf blademaster.
The deep elf blademaster is severely wounded.
The deep elf blademaster hits you with a rapier.
* * * LOW HITPOINT WARNING * * *
You feel more protected from physical attacks.
The deep elf blademaster hits you with a rapier!
You die...

.# ###.### .# ..#.#.# .# ##.#.#.#
.# #..#)#.# !# #..#.#.# .######
##### #..#.#.# .##...###.#.###
#.§#)#.#
.##.......#...###.§e().##########
..(.[)))[..(..§.@e§.[...........#
.(.((<()........§§..............#
...#####.#####..(.§.............#
.###♣♣♣♣∩♣♣♣♣####+#..########...#
.# ♣.......♣ #...#.(#......#...#
.#.#♣...⌠...♣ #...#.(#......#...#
.#.#♣.∩...∩.♣ #...#..#......#...#
.#.#♣♣..∩..♣♣ #...#..#......#...#
.#.##♣♣...♣♣ #...#..#......#...#


You could see a deep elf blademaster and a deep elf high priest.

Vanquished Creatures
  A profane servitor (Abyss:3)
  Nikola (Vaults:1)
  Jorgrun (Elf:2)
  Rupert (D:15)
  4 deep elf blademasters
  2 deep elf master archers (Elf:3)
  2 krakens
  A sphinx (Vaults:1)
  Gastronok (Lair:1)
  A tentacled starspawn (Abyss:3)
  Kirke (Elf:1)
  Ilsuiw (Shoals:4)
  9 nagarajas
  A fire giant (Vaults:4)
  An orc warlord (Orc:1)
  A cacodemon (Abyss:3)
  6 deep elf sorcerers
  9 vault wardens
  Louise (Shoals:2)
  3 very ugly things
  12 ironheart preservers
  2 deep elf elementalists (Elf:3)
  3 stone giants
  2 entropy weavers
  4 deep elf demonologists
  5 deep elf annihilators
  2 blizzard demons (IceCv)
  An ettin (Vaults:4)
  A fire dragon (Vaults:4)
  6 merfolk javelineers
  A green death (Abyss:3)
  3 deep elf death magi
  A deep elf high priest (Elf:3)
  9 merfolk impalers
  Erolcha (D:11)
  A great orb of eyes (Vaults:4)
  Harold (D:11)
  3 vault guards
  Fannar (Orc:1)
  2 ice dragons
  8 yaktaur captains
  2 rakshasas
  10 naga warriors
  5 centaur warriors
  8 hydras
  11 anacondas
  3 alligator snapping turtles
  A catoblepas (D:15)
  5 merfolk aquamancers
  6 merfolk avatars
  33 two-headed ogres
  2 deep troll shamans (Vaults:2)
  2 death knights
  19 dancing weapons
  4 satyrs
  A deep troll earth mage (Vaults:1)
  8 death yaks
  9 ogre magi
  Urug (Lair:5)
  An orc high priest (Orc:2)
  16 deep elf knights
  A hell hog (Abyss:3)
  12 naga sharpshooters
  Sonja (Lair:2)
  7 shock serpents
  Nergalle (D:11)
  A wretched star (Abyss:3)
  4 small abominations
  A sixfirhy (Abyss:3)
  6 unseen horrors
  An unseen horror (shapeshifter) (Vaults:2)
  A deep troll (shapeshifter) (Vaults:2)
  12 sea snakes
  A flayed ghost (Vaults:1)
  A glowing orange brain (Vaults:3)
  10 deep elf archers
  10 deep trolls
  10 naga ritualists
  7 wizards
  14 ironbrand convokers
  26 harpies
  A kraken simulacrum (Shoals:4)
  An orb spider (shapeshifter) (Vaults:1)
  A mana viper (shapeshifter) (Elf:2)
  13 orc knights
  A tengu zombie (Vaults:1)
  2 necromancers
  9 mana vipers
  55 deep elf magi
  7 fauns
  9 orc sorcerers
  32 ugly things
  3 wolf spiders
  21 manticores
  7 salamanders
  A manticore (shapeshifter) (Vaults:4)
  11 cyclopes
  5 elephants (Lair:4)
  12 merfolk sirens
  32 black mambas
  2 vault sentinels (Vaults:4)
  28 naga magi
  Joseph (D:8)
  6 guardian serpents
  4 ice statues
  11 water nymphs
  An orange demon (Abyss:3)
  11 spiny frogs
  A torpor snail (Lair:4)
  2 rime drakes
  36 yaktaurs
  9 ice devils (IceCv)
  3 anaconda simulacra (IceCv)
  An efreet (D:14)
  8 komodo dragons
  An ancient zyme (Abyss:3)
  5 freezing wraiths
  7 trolls
  2 trolls (shapeshifter)
  5 wind drakes
  3 tengu conjurers
  25 merfolk
  A shadow dragon simulacrum (Vaults:3)
  A jumping spider (Vaults:3)
  A golden dragon simulacrum (IceCv)
  A queen bee (shapeshifter) (D:15)
  A hornet (shapeshifter) (Vaults:2)
  10 hornets
  3 polar bears (Lair:6)
  A stone giant simulacrum (Vaults:1)
  11 snapping turtles
  7 slime creatures
  11 dream sheep
  12 blink frogs
  16 hippogriffs
  3 redbacks (Vaults:3)
  A vampire (D:14)
  A shadow (D:13)
  An air elemental (Elf:1)
  A dire elephant simulacrum (IceCv)
  12 spriggans (Lair:6)
  2 wyverns
  2 wraiths
  46 yaks
  5 basilisks
  A tarantella (Vaults:4)
  15 water elementals
  4 hogs (Elf:1)
  A steam dragon (D:13)
  2 fire elementals
  2 humans (shapeshifter) (Vaults:3)
  3 hungry ghosts
  2 large abominations (Abyss:3)
  9 vampire mosquitoes
  Menkaure (D:6)
  3 harpy simulacra (IceCv)
  7 wargs
  A hell hound (Abyss:3)
  50 nagas
  A deep troll zombie (Vaults:1)
  A warg (shapeshifter) (Vaults:2)
  2 hydra simulacra (IceCv)
  5 acid dragons
  13 water moccasins
  6 porcupines
  A meliai simulacrum (D:15)
  30 orc warriors
  8 black bears
  A sky beast (D:8)
  2 human zombies (Vaults:1)
  A fire dragon simulacrum (Abyss:3)
  4 phantoms
  An eye of draining (D:15)
  3 ice beasts
  A hornet zombie (D:13)
  12 centaurs
  27 ogres
  15 wolves (Lair:6)
  5 boggarts
  14 crocodiles
  A big kobold (D:13)
  21 bullfrogs
  A spiny frog simulacrum (Abyss:3)
  An elf simulacrum (Vaults:1)
  An earth elemental (Elf:1)
  2 wyvern skeletons
  5 scorpions
  18 wights
  2 howler monkeys (D:7)
  An electric eel (Lair:2)
  9 crimson imps
  2 quasits
  5 centaur zombies
  A human simulacrum (Vaults:1)
  2 bullfrog zombies
  4 hounds
  23 orc priests
  4 bullfrog skeletons
  8 centaur skeletons
  7 jellies
  4 iguanas
  Terence (D:3)
  31 orc wizards
  Natasha (D:3)
  13 worker ants
  A worker ant (shapeshifter) (D:13)
  2 hound skeletons
  Robin (D:2)
  16 gnolls
  A howler monkey skeleton (D:5)
  9 adders
  6 shadow imps
  11 oozes
  An adder zombie (D:7)
  2 worms
  3 dart slugs (D:1)
  23 leopard geckos
  81 orcs
  12 ball pythons
  11 bats
  21 giant cockroaches
  18 goblins
  12 hobgoblins
  12 jackals
  5 quokkas
  14 frilled lizards
  A jackal skeleton (D:6)
  4 kobolds
  A leopard gecko skeleton (D:4)
  2 quokka zombies
  7 rats
  2 fungi
  14 plants
  2 starspawn tentacles (Abyss:3)
  7 tentacles
1660 creatures vanquished.

Vanquished Creatures (others)
  A vault warden (Vaults:1)
  A centaur warrior (Vaults:1)
  A dancing weapon (Elf:3)
  A deep elf knight (Elf:2)
  A shadow wraith (Vaults:1)
  A deep elf archer (Elf:2)
  A harpy (Vaults:4)
  An ugly thing (Vaults:2)
  A merfolk siren (Shoals:4)
  An orc (Vaults:1)
  6 fungi
  6 plants
  6 starspawn tentacles (Abyss:3)
  25 tentacles
53 creatures vanquished.

Grand Total: 1713 creatures vanquished

Notes
Turn   | Place    | Note
-------+----------+-------------------------------------------
     0 | D:1      | George the Hill Orc Fighter began the quest for the Orb.
     0 | D:1      | Reached XP level 1. HP: 19/19 MP: 1/1
    56 | D:1      | Reached skill level 3 in Axes
   111 | D:1      | Reached XP level 2. HP: 20/26 MP: 2/2
   200 | D:1      | Reached skill level 4 in Axes
   418 | D:1      | Reached XP level 3. HP: 20/31 MP: 3/3
   499 | D:1      | Reached skill level 5 in Axes
  1074 | D:2      | Noticed Robin
  1087 | D:2      | Reached XP level 4. HP: 17/39 MP: 4/4
  1109 | D:2      | HP: 1/39 [Robin/whip (5)]
  1110 | D:2      | Killed Robin
  1471 | D:2      | Reached skill level 6 in Axes
  1577 | D:2      | Found an iron altar of Okawaru.
  2009 | D:2      | You fall through a shaft for 2 floors!
  2036 | D:4      | Reached XP level 5. HP: 34/45 MP: 3/5
  2211 | D:4      | Reached skill level 7 in Axes
  2340 | D:4      | Found a white marble altar of Elyvilon.
  2634 | D:4      | Reached skill level 8 in Axes
  2634 | D:4      | Reached XP level 6. HP: 51/51 MP: 6/6
  2768 | D:4      | Found Yraxkack's Distillery.
  3328 | D:3      | Noticed Terence
  3343 | D:3      | Killed Terence
  3343 | D:3      | Reached skill level 9 in Axes
  3633 | D:3      | Noticed Natasha
  3640 | D:3      | Killed Natasha
  3763 | D:3      | Found a faded altar of an unknown god.
  3763 | D:3      | Found a faded altar of an unknown god.
  3770 | D:3      | Found a shimmering altar of Xom.
  3772 | D:3      | Found a stormy altar of Qazlal.
  3774 | D:3      | Found an opulent altar of Gozag.
  3782 | D:3      | Became a worshipper of Qazlal Stormbringer
  4108 | D:5      | Entered Level 5 of the Dungeon
  4124 | D:5      | Reached XP level 7. HP: 57/58 MP: 7/7
  4128 | D:5      | Reached skill level 1 in Invocations
  4612 | D:5      | Reached * piety under Qazlal
  4612 | D:5      | Reached skill level 10 in Axes
  4612 | D:5      | Reached XP level 8. HP: 64/67 MP: 10/10
  4727 | D:5      | Reached skill level 5 in Fighting
  5088 | D:5      | Found Duroetra's Distillery.
  5092 | D:5      | Bought a potion of curing for 36 gold pieces
  5092 | D:5      | Bought a potion of heal wounds for 60 gold pieces
  5166 | D:6      | Noticed Menkaure
  5174 | D:6      | Killed Menkaure
  5174 | D:6      | Reached skill level 5 in Armour
  5183 | D:6      | Found Opix's Magic Scroll Shop.
  5257 | D:6      | Found a glowing drain.
  5263 | Sewer    | Entered a sewer
  5497 | Sewer    | Reached ** piety under Qazlal
  5705 | Sewer    | Reached skill level 5 in Invocations
  5746 | D:6      | Found a hide-covered altar of Uskayaw.
  5833 | D:6      | Reached *** piety under Qazlal
  5844 | D:6      | Reached XP level 9. HP: 71/75 MP: 11/13
  5979 | D:6      | Found an iron altar of Okawaru.
  6005 | D:6      | Reached skill level 11 in Axes
  6020 | D:6      | Found a shimmering altar of Xom.
  6330 | D:6      | Found a hazy altar of Hepliaklqana.
  6657 | D:7      | Found Bayn's General Store.
  6673 | D:7      | Reached **** piety under Qazlal
  6796 | D:7      | Found a staircase to the Ecumenical Temple.
  6917 | D:7      | Found a glowing silver altar of Zin.
  7053 | Temple   | Entered the Ecumenical Temple
  7562 | D:8      | Noticed Joseph
  7575 | D:8      | Killed Joseph
  7575 | D:8      | Reached skill level 12 in Axes
  7575 | D:8      | Reached XP level 10. HP: 83/89 MP: 13/15
  7636 | D:8      | Noticed a death yak
  7637 | D:8      | Noticed a death yak
  7638 | D:8      | Noticed a death yak
  7651 | D:8      | Killed a death yak
  7666 | D:8      | Killed a death yak
  7675 | D:8      | Killed a death yak
  7958 | D:8      | Found a staircase to the Lair.
  8161 | D:8      | Noticed a two-headed ogre
  8172 | D:8      | Killed a two-headed ogre
  8172 | D:8      | Reached skill level 13 in Axes
  8172 | D:8      | Reached XP level 11. HP: 79/99 MP: 13/18
  8342 | D:9      | Reached skill level 10 in Fighting
  8446 | D:9      | Found a shattered altar of Ashenzari.
  8707 | D:9      | Noticed a two-headed ogre
  8720 | D:9      | Killed a two-headed ogre
  8720 | D:9      | Reached skill level 10 in Invocations
  9239 | D:10     | Entered Level 10 of the Dungeon
  9266 | D:10     | Reached ***** piety under Qazlal
  9492 | D:10     | Found a staircase to the Orcish Mines.
  9678 | D:10     | Got a smoking platinum amulet
  9681 | D:10     | Identified the amulet of the Tormentor {Faith rElec Str+4} (You found it on level 10 of the Dungeon)
  9991 | D:11     | Noticed Harold
 10011 | D:11     | Killed Harold
 10036 | D:11     | Noticed a four-headed hydra
 10043 | D:11     | Killed a four-headed hydra
 10043 | D:11     | Reached skill level 10 in Armour
 10128 | D:11     | Killed an unseen horror
 10128 | D:11     | Reached skill level 14 in Axes
 10250 | D:11     | Noticed a cyclops
 10260 | D:11     | Killed a cyclops
 10260 | D:11     | Reached XP level 12. HP: 65/110 MP: 16/20
 10422 | D:11     | Noticed Erolcha
 10433 | D:11     | Killed Erolcha
 10567 | D:11     | Found a deep blue altar of Sif Muna.
 10645 | D:11     | Noticed Nergalle
 10656 | D:11     | Killed Nergalle
 11003 | D:12     | Found a burning altar of Makhleb.
 11350 | D:12     | Noticed a five-headed hydra
 11359 | D:12     | Killed a five-headed hydra
 11693 | D:12     | Noticed a two-headed ogre
 11701 | D:12     | Killed a two-headed ogre
 11964 | Lair:1   | Entered Level 1 of the Lair of Beasts
 12005 | Lair:1   | Noticed a seven-headed hydra
 12015 | Lair:1   | Killed a seven-headed hydra
 12015 | Lair:1   | Reached skill level 15 in Axes
 12016 | Lair:1   | Noticed an eight-headed hydra
 12022 | Lair:1   | Killed an eight-headed hydra
 12047 | Lair:1   | Noticed Gastronok
 12060 | Lair:1   | Reached XP level 13. HP: 75/119 MP: 20/22
 12260 | Lair:1   | Killed Gastronok
 14033 | Lair:3   | Noticed Sonja
 14421 | Lair:2   | Killed Sonja
 15085 | Lair:3   | Found a staircase to the Snake Pit.
 15373 | Lair:4   | Reached skill level 16 in Axes
 15738 | Lair:4   | Reached ****** piety under Qazlal
 15749 | Lair:4   | Found a staircase to the Shoals.
 16402 | Lair:5   | Reached XP level 14. HP: 130/130 MP: 24/24
 16556 | Lair:5   | Noticed Urug
 16566 | Lair:5   | Killed Urug
 16957 | Lair:5   | Found a viscous altar of Jiyva.
 16958 | Lair:5   | Found a staircase to the Slime Pits.
 17186 | Lair:6   | Entered Level 6 of the Lair of Beasts
 18007 | Lair:6   | Reached skill level 15 in Invocations
 18043 | Lair:6   | Reached skill level 17 in Axes
 18793 | Orc:1    | Entered Level 1 of the Orcish Mines
 18794 | Orc:1    | Noticed Fannar
 18825 | Orc:1    | Killed Fannar
 19038 | Orc:2    | Entered Level 2 of the Orcish Mines
 19759 | Orc:2    | Found a staircase to the Elven Halls.
 19830 | Orc:2    | Noticed an orc warlord
 20012 | Orc:1    | Killed an orc warlord
 20151 | Orc:2    | Reached XP level 15. HP: 87/139 MP: 26/26
 20357 | Orc:2    | Found a roughly hewn altar of Beogh.
 20387 | Orc:2    | Reached skill level 15 in Fighting
 20436 | Orc:2    | Found Eson's Jewellery Shoppe.
 20566 | Orc:2    | Found Pecopsit's General Store.
 20588 | Orc:2    | Found Bohaneck's Antique Armour Shoppe.
 20612 | Orc:2    | Found Wuume's Antique Weapon Shoppe.
 20947 | Orc:2    | Bought a polished scale mail for 279 gold pieces
 20957 | Orc:2    | Identified the +2 scale mail "Ecygolag" {rElec Dex+3 SInv} (You bought it in a shop on level 2 of the Orcish Mines)
 20984 | Orc:2    | Bought a glowing war axe for 156 gold pieces
 21327 | D:13     | Found a gate to the Vaults.
 21720 | D:13     | Found a sacrificial altar of Ru.
 22326 | D:14     | Reached skill level 18 in Axes
 22976 | D:15     | Entered Level 15 of the Dungeon
 23405 | D:15     | Noticed Rupert
 23424 | D:15     | Killed Rupert
 23932 | D:15     | Found a staircase to the Depths.
 24450 | Snake:1  | Entered Level 1 of the Snake Pit
 24483 | Snake:1  | Reached XP level 16. HP: 136/151 MP: 28/28
 25478 | Snake:1  | Reached skill level 15 in Armour
 25792 | Snake:2  | Got a distressingly furry chain mail
 25803 | Snake:2  | Identified the +9 chain mail of Feasting {rPois MR+ MP+9} (You found it on level 2 of the Snake Pit)
 25946 | Snake:2  | Found a frozen archway.
 25965 | IceCv    | Entered an ice cave
 26116 | IceCv    | Reached skill level 19 in Axes
 27026 | Snake:2  | Identified a scroll of acquirement
 27101 | Snake:2  | Found a glowing golden altar of the Shining One.
 27623 | Snake:3  | Noticed a nagaraja
 27647 | Snake:3  | Killed a nagaraja
 28223 | Snake:3  | Found Zorphirua's Distillery.
 28231 | Snake:3  | Bought 2 potions of haste for 300 gold pieces
 28231 | Snake:3  | Bought a potion of curing for 45 gold pieces
 28231 | Snake:3  | Bought a potion of curing for 45 gold pieces
 28475 | Snake:3  | Reached XP level 17. HP: 85/161 MP: 30/30
 29138 | Snake:4  | Entered Level 4 of the Snake Pit
 29939 | Snake:4  | Reached skill level 20 in Axes
 31084 | Snake:4  | Reached skill level 1 in Dodging
 31483 | Snake:4  | Got a serpentine rune of Zot
 32158 | Shoals:1 | Entered Level 1 of the Shoals
 32215 | Shoals:1 | Reached XP level 18. HP: 143/172 MP: 31/31
 33819 | Shoals:2 | Got a slimy cloak
 33830 | Shoals:2 | Identified the +2 cloak of Agoraphobia {*Slow rCorr Str+4} (You acquired it on level 2 of the Shoals)
 33931 | Shoals:2 | Noticed Louise
 34081 | Shoals:2 | Killed Louise
 35406 | Shoals:4 | Entered Level 4 of the Shoals
 35766 | Shoals:4 | Noticed Ilsuiw
 35781 | Shoals:4 | Killed Ilsuiw
 35785 | Shoals:4 | Reached skill level 21 in Axes
 36744 | Shoals:3 | Reached skill level 5 in Dodging
 36866 | Shoals:3 | Reached XP level 19. HP: 88/181 MP: 32/32
 38232 | Shoals:4 | Identified Mytah's Volume of Cankerous Talismans
 38463 | Shoals:4 | Got a barnacled rune of Zot
 38786 | Vaults:1 | Entered Level 1 of the Vaults
 38935 | Vaults:1 | Noticed Nikola
 38964 | Vaults:1 | Killed Nikola
 39915 | Vaults:1 | Reached XP level 20. HP: 137/191 MP: 34/34
 40322 | Vaults:1 | Reached skill level 22 in Axes
 41410 | Vaults:2 | Found a magical portal.
 43167 | Vaults:3 | Reached XP level 21. HP: 201/201 MP: 35/35
 43386 | Vaults:3 | Found a staircase to the Crypt.
 43386 | Vaults:3 | Found an ancient bone altar of Kikubaaqudgha.
 43387 | Vaults:3 | Found a basalt altar of Yredelemnul.
 43418 | Vaults:3 | Found Qere's Antique Armour Boutique.
 43426 | Vaults:3 | Bought a slimy hat for 315 gold pieces
 43442 | Vaults:3 | Identified the +2 hat "Baot" {rElec rN+ Str-5} (You bought it in a shop on level 3 of the Vaults)
 43446 | Vaults:3 | Bought a pair of embroidered boots for 262 gold pieces
 43464 | Vaults:3 | Bought a glowing cloak for 262 gold pieces
 43464 | Vaults:3 | Bought a shiny helmet for 262 gold pieces
 45801 | Elf:1    | Entered Level 1 of the Elven Halls
 45812 | Elf:1    | Noticed Kirke
 45832 | Elf:1    | Killed Kirke
 45901 | Elf:1    | Reached skill level 23 in Axes
 46194 | Elf:1    | Identified the Tome of the Entourage
 46321 | Elf:1    | Found Ucucreifu's Assorted Antiques.
 46603 | Elf:2    | Noticed Jorgrun
 46626 | Elf:2    | Killed Jorgrun
 46840 | Elf:2    | Found a runed gate.
 46840 | Elf:2    | Found a runed gate.
 46842 | Elf:2    | Found a runed gate.
 47105 | Elf:2    | Reached XP level 22. HP: 187/211 MP: 37/37
 47599 | Elf:2    | Reached skill level 10 in Dodging
 47840 | Elf:3    | Entered Level 3 of the Elven Halls
 47874 | Elf:3    | Found Meimo's Gadget Shoppe.
 47875 | Elf:3    | Found Jemu's Jewellery Shop.
 47876 | Elf:3    | Found Paph's Gadget Shoppe.
 48904 | Elf:3    | Cast into level 3 of the Abyss (a deep elf sorcerer)
 48910 | Abyss:3  | Noticed a profane servitor
 48953 | Abyss:3  | Killed a profane servitor
 48953 | Abyss:3  | Gained mutation: Scrolls take you a little longer to read. [a cacodemon]
 48985 | Elf:3    | Escaped the Abyss
 49037 | Elf:3    | HP: 10/213 [deep elf blademaster/rapier (6)]
 49037 | Elf:3    | Slain by a deep elf blademaster

Vault maps used:
D:1:      dpeg_arrival_tiny_b, serial_bayou_lagoon_b
D:2:      moated_statue, roderic_serpentine_path, okawaru_gym_becter, uniq_robin
D:3:      chequers_temple_overflow_minitemple, uniq_natasha, uniq_terence
D:4:      serial_shops, kennysheep_mini, elyvilon_altar_4
D:5:      serial_shops, nicolae_shop_statue_plus, first_bread, minmay_liquid_box
D:6:      kennysheep_mini_moat, old_standard_altar, serial_shops,
          kennysheep_little_box, gup_sewer_entry_pipe, basic_altar,
          xom_teletrap_fun, uniq_menkaure
D:7:      lemuel_doored_altar, minmay_temple_entry_statues_fountains,
          serial_shops, shop, grunt_ogre_cave
D:8:      dpeg_lair_monsters, uniq_joseph
D:9:      ashenzari_conservatory_becter
D:10:     erik_orc_4, serial_park_tiny_2
D:11:     basic_altar, patterned_corridor, uniq_nergalle, uniq_harold,
          uniq_erolcha
D:12:     bloody_makhleb
D:13:     david_vaults_5, nicolae_ru_sacrificial_ziggurat
D:14:     minmay_misc_feat_iff
D:15:     grunt_enter_depths_magical_seal, minmay_misc_feat_plants,
          minmay_misc_feat_doors, uniq_rupert
Temple:   eino_temple_water
Lair:1:   uniq_gastronok
Lair:2:   st_stairs_13, hibernation_bobbens, serial_bayou_shore_b,
          serial_bayou_shore_a, grunt_megastairs_3, serial_bayou_shore_b
Lair:3:   minmay_snake_entry_guardpost_medium, uniq_sonja
Lair:4:   elwin_shoals_entry_rocks, serial_bayou_pond_c, guppyfry_lair_drakes
Lair:5:   dpeg_slime_entry_enclosed_altar, uniq_urug
Lair:6:   minmay_lair_end_enchanted_forest
Shoals:2: nicolae_shoals_dead_sea_scrolls, uniq_louise
Shoals:4: shoals_end_grunt_ice, shoals_ilsuiw_ice,
          nicolae_shoals_stone_sculpture_thing
Snake:1:  special_room
Snake:2:  basic_altar, portal_ice_cave_entry_ice_statue_one
Snake:3:  serial_shops, shop
Snake:4:  snake_pit, grunt_ministairs_11, st_stairs_7,
          nrook_guardian_serpent_ordinary
Orc:1:    uniq_fannar
Orc:2:    grunt_orc_cross, nicolae_orc_sculptors_studio
Elf:1:    elf_arrival_001, serial_shops, nicolae_shop_crystal,
          minmay_elf_demonology, uniq_kirke
Elf:2:    uniq_jorgrun
Elf:3:    minmay_elf_hall, minmay_shop_grove
Vaults:1: nicolae_vaults_asterisk, dpeg_vaults_monster_box,
          ontoclasm_vaults_fault, nicolae_vaults_big_ls,
          nicolae_vaults_little_ls, v_rooms_6, nicolae_vaults_border_crossing,
          vaults_room_hangedman_quadrants, nicolae_vaults_mini_display_case,
          nicolae_vaults_little_squares_1, v_pattern_5,
          ontoclasm_vaults_ring_small, vaults_dpeg_ring,
          nicolae_vaults_asterisk, uniq_nikola
Vaults:2: nicolae_vaults_little_squares_5, grunt_vaults_swirl,
          vaults_room_octagon, serial_ice_m, hangedman_vaults_hat,
          ontoclasm_vaults_idyll, grunt_vaults_diagonal,
          hangedman_vaults_cutoff, vaults_room_pools, mu_enter_wizlab_4
Vaults:3: v_misc_1, nicolae_vaults_hallways_thing,
          minmay_crypt_entry_necro_gods, nicolae_vaults_windows_and_doors_thing,
          nicolae_vaults_ring_of_whatevers, nicolae_vaults_little_squares_1,
          v_alt_pattern_6, v_pattern_2, vaults_room_hallway, v_misc_3,
          nicolae_vaults_three_branches, v_misc_22, v_misc_25,
          vaults_dpeg_cross, serial_shops, nicolae_shop_waterfront
Vaults:4: nicolae_vaults_alarming, v_misc_24, v_misc_8, v_misc_9,
          vaults_standard_mumra_enter_the_diamond, grunt_vaults_funnel,
          vaults_room_corners, vaults_dpeg_diagonal
Abyss:3:  minivault_28
Sewer:    sewer_frog_island_02
IceCv:    ice_cave_tombish

Skill      XL: |  1  2  3  4  5  6  7  8  9 10 11 12 13 14 15 16 17 18 19 20 21 22 |
---------------+-------------------------------------------------------------------+-----
Axes           | 3 4 5 6 8 9 10 12 13 14 15 16 17 18 19 20 21 22 23 | 23.7
Invocations    | 3 5 7 9 11 12 14 15 16 18 19 20 21 22 | 22.8
Fighting       | 4 6 8 9 11 12 13 14 16 17 18 19 20 21 | 21.4
Armour         | 4 5 7 9 10 11 12 13 14 15 16 17 18 19 | 19.6
Dodging        | 1 5 6 8 9 10 | 10.5
Shields        | |  3.2

Action                   |  1- 3 |  4- 6 |  7- 9 | 10-12 | 13-15 | 16-18 | 19-21 | 22-24 || total
-------------------------+-------+-------+-------+-------+-------+-------+-------+-------++-------
Melee: War axe           |   187 |   240 |   117 |       |   275 |       |  1329 |   410 ||  2558
       Hand axe          |       |       |   334 |   507 |   949 |       |       |       ||  1790
       Morningstar       |       |       |       |    10 |    13 |    20 |       |       ||    43
       Battleaxe         |       |       |       |       |   137 |  1283 |   442 |       ||  1862
Invok: Upheaval          |       |       |       |     6 |     4 |       |     1 |     8 ||    19
       Disaster Area     |       |       |       |       |       |       |       |     1 ||     1
Evoke: Wand              |       |       |       |       |     6 |       |       |     2 ||     8
  Use: Scroll            |       |       |     9 |     4 |    10 |     7 |     7 |       ||    37
       Potion            |       |       |       |       |       |     2 |       |       ||     2
 Stab: Distracted        |       |       |       |       |     1 |     1 |       |       ||     2
  Eat: Chunk             |     1 |    10 |    12 |    16 |    40 |    30 |    36 |     6 ||   151
       Fruit             |       |       |     2 |       |       |    13 |       |       ||    15
       Royal jelly       |       |       |       |       |       |       |     2 |       ||     2
Armor: Scale mail        |    79 |    95 |   155 |    52 |       |       |       |       ||   381
       Plate armour      |       |       |       |    99 |   505 |    95 |       |       ||   699
       Chain mail        |       |       |       |       |       |   468 |   682 |   230 ||  1380
Dodge: Dodged            |    36 |    54 |    72 |    59 |   174 |   593 |   951 |   228 ||  2167
       Deflected         |       |       |       |     3 |    14 |    96 |    82 |    27 ||   222
Block: Shield            |    81 |   103 |   207 |   245 |   809 |       |       |       ||  1445
       Other             |       |       |       |       |    48 |   429 |   590 |   153 ||  1220
